 Dungeon Crawl Stone Soup version 0.29.0-4-gdea44cf6ec (webtiles) character file.

Game seed: 17356562305128350732

70 qw the Sneak (level 4, -1/36 HPs)
             Began as a Ghoul Enchanter on Sept 8, 2022.
             Slain by a jelly (2 damage)
             ... on level 4 of the Dungeon.
             The game lasted 00:01:32 (4171 turns).

qw the Sneak (Ghoul Enchanter)                      Turns: 4171, Time: 00:01:33

Health: -1/36      AC: -10   Str: 13    XL:     4   Next: 22%
Magic:  5/5        EV: 10    Int: 10    God:
Gold:   106        SH:  0    Dex:  9    Spells: 6/6 levels left

rFire   . . .      SeeInvis .   Y - +0 hand axe
rCold   + . .      Faith    .   (no shield)
rNeg    + + +      Spirit   .   d - +0 ring mail
rPois   inf        Reflect  .   (no helmet)
rElec   .          Harm     .   k - +0 cloak
rCorr   .          Rampage  .   (no gloves)
Will    .....                   (no boots)
Stlth   +.........              (no amulet)
HPRegen 0.00/turn               (no ring)
MPRegen 0.09/turn               (no ring)

@: corroded, inhibited regen
A: claws 1, cold resistance 1, negative energy resistance 3, inhibited
regeneration, torment resistance 2, devour on kill
a: no special abilities


You were on level 4 of the Dungeon.
You visited 1 branch of the dungeon, and saw 4 of its levels.

You collected 106 gold pieces.


Innate Abilities, Weirdness & Mutations

You are immune to poison.
You have sharp fingernails.
Your flesh is cold resistant. (rC+)
You are immune to negative energy. (rN+++)
You do not regenerate when monsters are visible.
You are immune to unholy pain and torment.
You thrive by killing the living.


   Skills:
 - Level 2.0 Fighting
 - Level 0.8 Short Blades
 + Level 2.7 Axes
 - Level 1.7 Dodging
 - Level 3.2 Stealth
 - Level 1.7 Spellcasting
 - Level 2.4 Hexes


You had 6 spell levels left.
You didn't know any spells.
Your spell library contained the following spells:

 Spells                   Type           Power      Damage    Failure   Level
 Ensorcelled Hibernation  Hex/Ice        6%         N/A       54%         2
 Confusing Touch          Hex            5%         N/A       61%         3
 Tukima's Dance           Hex            5%         N/A       61%         3
 Dazzling Flash           Conj/Hex       6%         N/A       78%         3

Inventory:

Hand Weapons
 a - a +0 whip
 Y - a +0 hand axe (weapon)
Armour
 d - a +0 ring mail (worn)
 k - a +0 cloak (worn)
Potions
 c - a potion of heal wounds {unknown}
 e - a potion of curing
 i - a potion of berserk rage {unknown}

Dungeon Overview and Level Annotations

Branches:
Dungeon (4/15)
 Temple: D:4-7

Altars:

Annotations:
D:3 3 runed translucent doors, qw's ghost, amateur GrBe


Message History

The adder is almost dead.
The adder bites you but does no damage. The adder closely misses you.
You barely miss the adder.
The adder is almost dead.
The adder bites you.
You hit the adder.
You kill the adder!
You start resting.
HP restored.
A jelly comes into view.
A worm comes into view.
4153 ||| Stepping ~*~*~tactically~*~*~ (stealth).
Found the Incunable of Peregrination and Transmigration.
4154 ||| Stepping ~*~*~tactically~*~*~ (stealth).
4158 ||| Stepping ~*~*~tactically~*~*~ (stealth).
4159 ||| Stepping ~*~*~tactically~*~*~ (stealth).
The jelly quivers.
You hit the jelly. The acid corrodes you!
Your claws burn!
The jelly is lightly wounded.
The jelly barely misses you.
You barely miss the jelly. You claw the jelly, but do no damage.
The jelly is lightly wounded.
The jelly barely misses you.
You hit the jelly but do no damage.
Your claws burn!
The jelly is lightly wounded.
The jelly hits you. The acid corrodes you!
You are splashed with acid!
The jelly misses you.
You hit the jelly.
Your claws burn!
The jelly is lightly wounded.
The jelly closely misses you.
You barely miss the jelly.
The jelly is lightly wounded.
The jelly closely misses you.
You hit the jelly but do no damage. The acid corrodes you!
Your claws burn!
The jelly is lightly wounded.
The jelly hits you. The acid corrodes you!
You are splashed with acid!
You hit the jelly.
Your claws burn!
The jelly is lightly wounded.
The jelly hits you.
You die...

#.................
#..########.######
#...# #.# #.#.#
#.# #.#....w..#.#
#.#...###.#.#
#.#.#... #.#
###.#w####. #.#
#..@J..# .#.#
#.:........ .
#.......###
#.......#
###+#.#.# .#.# .#
# .#


You could see a worm and a jelly.

Vanquished Creatures
  2 adders
  A dart slug (D:3)
  4 orcs (D:2)
  5 endoplasms
  2 giant cockroaches (D:3)
  4 goblins (D:2)
  2 hobgoblins (D:2)
  5 jackals
  6 kobolds
  A quokka (D:1)
  4 ball pythons
  2 bats
  2 frilled lizards
  4 rats
44 creatures vanquished.

Notes
Turn   | Place    | Note
-------+----------+-------------------------------------------
     0 | D:1      | qw the Ghoul Enchanter began the quest for the Orb.
     0 | D:1      | Reached XP level 1. HP: 14/14 MP: 2/2
     0 | D:1      | 0 ||| qw: Version: 0.1-a-112-g44dc6cd
     0 | D:1      | 0 ||| qw: Game counter: 6730
     0 | D:1      | 0 ||| qw: Always use a shield: true
     0 | D:1      | 0 ||| qw: God list: Okawaru
     0 | D:1      | 0 ||| qw: Allow faded altars: false
     0 | D:1      | 0 ||| qw: Do Orc after D:15 true
     0 | D:1      | 0 ||| qw: Do second Lair branch before Depths: true
     0 | D:1      | 0 ||| qw: Lair rune preference: random
     0 | D:1      | 0 ||| qw: Plans: Normal
     0 | D:1      | 0 ||| PLANNING D:1-11
   469 | D:1      | Reached skill level 1 in Axes
   549 | D:1      | 549 ||| SWAPPING to +0 whip.
   550 | D:1      | 550 ||| DROPPING +1 dagger.
   840 | D:1      | Reached XP level 2. HP: 22/22 MP: 3/3
   859 | D:1      | Reached skill level 1 in Fighting
  1147 | D:1      | 1147 ||| Stepping ~*~*~tactically~*~*~ (stealth).
  1159 | D:1      | 1159 ||| Stepping ~*~*~tactically~*~*~ (outnumbered).
  1162 | D:1      | 1162 ||| Stepping ~*~*~tactically~*~*~ (outnumbered).
  1333 | D:1      | 1333 ||| UPGRADING to +0 ring mail.
  1343 | D:1      | 1343 ||| DROPPING +0 robe.
  1344 | D:1      | 1344 ||| UPGRADING to +0 cloak.
  1349 | D:1      | 1349 ||| READING scroll labelled VOAVVI GELUVEGU.
  1352 | D:1      | 1352 ||| READING scroll labelled QYZ GINAISIE.
  1353 | D:1      | 1353 ||| READING scroll labelled OVVEIL ZUONEOR.
  1354 | D:1      | 1354 ||| DRINKING 2 purple potions.
  1355 | D:1      | 1355 ||| DROPPING 2 potions of invisibility.
  1402 | D:2      | You fall into a shaft and drop 1 floor!
  1432 | D:2      | 1432 ||| Stepping ~*~*~tactically~*~*~ (outnumbered).
  1433 | D:2      | 1433 ||| Stepping ~*~*~tactically~*~*~ (outnumbered).
  1621 | D:2      | 1621 ||| Stepping ~*~*~tactically~*~*~ (stealth).
  1624 | D:2      | 1624 ||| Stepping ~*~*~tactically~*~*~ (stealth).
  1626 | D:2      | 1626 ||| Stepping ~*~*~tactically~*~*~ (stealth).
  1628 | D:2      | 1628 ||| Stepping ~*~*~tactically~*~*~ (stealth).
  1648 | D:2      | Reached XP level 3. HP: 28/28 MP: 4/4
  2007 | D:2      | 2007 ||| Stepping ~*~*~tactically~*~*~ (stealth).
  2012 | D:2      | 2012 ||| Stepping ~*~*~tactically~*~*~ (stealth).
  2210 | D:2      | 2210 ||| Stepping ~*~*~tactically~*~*~ (stealth).
  2211 | D:2      | 2211 ||| Stepping ~*~*~tactically~*~*~ (stealth).
  2216 | D:2      | 2216 ||| FLEEEEING.
  2217 | D:2      | 2217 ||| FLEEEEING.
  2421 | D:2      | 2421 ||| Stepping ~*~*~tactically~*~*~ (stealth).
  2424 | D:2      | 2424 ||| Stepping ~*~*~tactically~*~*~ (stealth).
  2439 | D:2      | 2439 ||| Stepping ~*~*~tactically~*~*~ (outnumbered).
  2440 | D:2      | 2440 ||| Stepping ~*~*~tactically~*~*~ (outnumbered).
  2459 | D:2      | HP: 6/29 [orc/+0 short sword (3)]
  2684 | D:2      | 2684 ||| SWAPPING to +0 hand axe.
  2694 | D:2      | Found a faded altar of an unknown god.
  2778 | D:2      | 2778 ||| READING scroll labelled CUIMOGYPNI.
  2931 | D:3      | 2931 ||| Stepping ~*~*~tactically~*~*~ (stealth).
  3033 | D:3      | 3033 ||| Stepping ~*~*~tactically~*~*~ (stealth).
  3037 | D:3      | 3037 ||| Stepping ~*~*~tactically~*~*~ (stealth).
  3279 | D:3      | Found a runed translucent gate.
  3279 | D:3      | Identified the +9 hand axe "Fowk" {vorpal, Str+7}
  3279 | D:3      | Identified the +0 leather armour of the Sun {rF+ rC+++
                  | Will+ SInv}
  3279 | D:3      | Noticed qw's ghost (amateur GrBe)
  3280 | D:3      | Found a runed translucent gate.
  3281 | D:3      | Found a runed translucent gate.
  3352 | D:3      | 3352 ||| Stepping ~*~*~tactically~*~*~ (hiding).
  3454 | D:3      | 3454 ||| Stepping ~*~*~tactically~*~*~ (hiding).
  3455 | D:3      | 3455 ||| Stepping ~*~*~tactically~*~*~ (hiding).
  3461 | D:3      | 3461 ||| Stepping ~*~*~tactically~*~*~ (hiding).
  3467 | D:3      | Reached XP level 4. HP: 36/36 MP: 5/5
  3818 | D:3      | 3818 ||| READING 3 scrolls labelled KIVIRCH GUUMAE.
  3819 | D:3      | 3819 ||| DRINKING 3 blue potions.
  3820 | D:3      | 3820 ||| DROPPING 2 scrolls of magic mapping.
  3821 | D:3      | 3821 ||| DROPPING 2 potions of brilliance.
  3953 | D:4      | 3953 ||| Stepping ~*~*~tactically~*~*~ (stealth).
  4153 | D:4      | 4153 ||| Stepping ~*~*~tactically~*~*~ (stealth).
  4154 | D:4      | 4154 ||| Stepping ~*~*~tactically~*~*~ (stealth).
  4158 | D:4      | 4158 ||| Stepping ~*~*~tactically~*~*~ (stealth).
  4159 | D:4      | 4159 ||| Stepping ~*~*~tactically~*~*~ (stealth).
  4170 | D:4      | HP: 2/36 [acid (8)]
  4171 | D:4      | Slain by a jelly

Levels and vault maps discovered:
D:1:      beargit_arrival_greenhouse, layout_loops_corners, st_stairs_9,
          item_on_display_a
D:2:      layout_basic, hellmonk_ecumenical_altar_defaced_shrine
D:3:      layout_basic, biasface_ghost_orc_armoury, chequers_garden,
          minivault_11
D:4:      layout_basic

Skill      XL: |  1  2  3 |
---------------+----------+-----
Axes           | 1 2 |  2.7
Fighting       | 1 2 |  2.0
Short Blades   | |  0.8
Dodging        | |  1.7
Stealth        | |  3.2
Spellcasting   | |  1.7
Hexes          | |  2.4

Action                   |  1- 3 |  4- 6 || total
-------------------------+-------+-------++-------
Melee: Dagger            |    27 |       ||    27
       Whip              |   156 |       ||   156
       Punch             |     3 |     1 ||     4
       Hand axe          |    25 |    38 ||    63
  Use: Scroll            |     4 |     1 ||     5
       Potion            |     1 |     1 ||     2
Armor: Robe              |    13 |       ||    13
       Ring mail         |    82 |    19 ||   101
Dodge: Dodged            |   127 |    24 ||   151

Table legend:
 A = Non-vault XP
 B = Vault XP
 C = Vault XP percentage of total XP
 D = Non-vault monster count
 E = Vault monster count
 F = Vault count percentage of total count
                 A         B        C        D         E       F
            +---------+---------+-------+---------+---------+-------
      Total |      85 |      16 |  15.8 |      37 |       7 |  15.9
            +---------+---------+-------+---------+---------+-------
        D:1 |      15 |       4 |  21.1 |      10 |       3 |  23.1
        D:2 |      38 |      12 |  24.0 |      14 |       4 |  22.2
        D:3 |      15 |       0 |   0.0 |       9 |       0 |   0.0
        D:4 |      17 |       0 |   0.0 |       4 |       0 |   0.0
            +---------+---------+-------+---------+---------+-------
